 Dungeon Crawl Stone Soup version 0.21.0-30-g47ce8e4 (webtiles) character file.

43 troglodite the Slasher (level 3, 0/31 HPs)
             Began as a Demonspawn Berserker on Jan 28, 2018.
             Was a Follower of Trog.
             Succumbed to Crazy Yiuf's poison
             ... on level 2 of the Dungeon.
             The game lasted 00:02:40 (835 turns).

troglodite the Slasher (Demonspawn Berserker)        Turns: 835, Time: 00:02:41

Health: 0/31       AC:  2    Str: 22    XL:     3   Next: 37%
Magic:  3/3        EV: 12    Int:  8    God:    Trog [*.....]
Gold:   63         SH:  0    Dex: 13    Spells: 2/2 levels left

rFire    . . .     SeeInvis .   a - +0 falchion
rCold    . . .     Gourm    .   (no shield)
rNeg     . . .     Faith    .   b - +0 animal skin
rPois    .         Spirit   .   (helmet restricted)
rElec    +         Reflect  .   (no cloak)
rCorr    .         Harm     .   (no gloves)
MR       .....                  (no boots)
Stlth    +.........             (no amulet)
HPRegen  0.10/turn              (no ring)
MPRegen  0.08/turn              (no ring)

@: mighty, lethally poisoned (0 -> -11), berserk cooldown, slowed, very slow
A: claws 1, horns 1, robust 1, electricity resistance
a: Berserk, Burn Spellbooks, Renounce Religion


You were on level 2 of the Dungeon.
You worshipped Trog.
Trog was aware of your devotion.
You were hungry.

You visited 1 branch of the dungeon, and saw 2 of its levels.

You collected 63 gold pieces.

Inventory:

Hand Weapons
 a - a +0 falchion (weapon)
Armour
 b - a +0 animal skin (worn)
 k - a +0 cloak
Jewellery
 e - a cursed ring of loudness {unknown}
Scrolls
 d - a scroll of enchant weapon {unknown}
 g - 2 scrolls of enchant armour {unknown}
 i - 3 scrolls of identify {unknown}
 j - a scroll of remove curse {unknown}
Comestibles
 c - a ration
 f - 7 chunks of flesh


   Skills:
 + Level 3.3 Fighting
 + Level 3.5 Long Blades
 + Level 1.9 Armour
 + Level 2.0 Dodging
 + Level 0.1 Stealth


You had 2 spell levels left.
You didn't know any spells.

Dungeon Overview and Level Annotations

Branches:
Dungeon (2/15)

Altars:


Innate Abilities, Weirdness & Mutations

You have sharp fingernails.
You have a pair of small horns on your head.
You are robust. (+10% HP)
You are resistant to electric shocks. (rElec)


Message History

You are exhausted.
You feel yourself slow down.
* * * LOW HITPOINT WARNING * * *
You feel sick.
You butcher the gnoll corpse of Crazy Yiuf.
* * * LOW HITPOINT WARNING * * *
You feel sick.
Things that are here:
a quarterstaff of chaos; 2 chunks of flesh
Okay, then.
It was a potion of mutation.
You feel extremely strange.
You feel insulated.
You feel robust.
* * * LOW HITPOINT WARNING * * *
You feel sick.
Unknown command.
It was a potion of might.
You feel very mighty all of a sudden.
* * * LOW HITPOINT WARNING * * *
You feel sick.
You die...

####♣♣ #####
##...P♣♣ ♣♣#..)#
#.....P♣♣♣♣.'[)@#
##.......♣..♣#...#
#.....P.♣.♣♣♣#####
#.#.##♣♣♣♣♣ #..##
#.###### #
.....#.#..#
#.#........
##...###.


There were no monsters in sight!

Vanquished Creatures
  Crazy Yiuf (D:2)
  A leopard gecko (D:2)
  A giant cockroach (D:1)
  3 goblins (D:1)
  2 hobgoblins (D:1)
  3 jackals (D:2)
  2 frilled lizards (D:1)
  A kobold (D:2)
  A rat (D:1)
15 creatures vanquished.

Notes
Turn   | Place    | Note
-------+----------+-------------------------------------------
     0 | D:1      | troglodite the Demonspawn Berserker began the quest for the Orb.
     0 | D:1      | Reached XP level 1. HP: 18/18 MP: 1/1
   460 | D:1      | Gained mutation: You have sharp fingernails. [demonic ancestry]
   460 | D:1      | Reached XP level 2. HP: 23/24 MP: 2/2
   815 | D:2      | Found a runed door.
   819 | D:2      | Noticed Crazy Yiuf
   828 | D:2      | Killed Crazy Yiuf
   828 | D:2      | Gained mutation: You have a pair of small horns on your head. [demonic ancestry]
   828 | D:2      | Reached XP level 3. HP: 11/29 MP: 3/3
   833 | D:2      | Gained mutation: You are resistant to electric shocks. (rElec) [potion of mutation]
   833 | D:2      | Gained mutation: You are robust. (+10% HP) [potion of mutation]
   834 | D:2      | HP: 1/31 [poisoned by Crazy Yiuf]
   835 | D:2      | Succumbed to Crazy Yiuf's poison

Skill      XL: |  1  2 |
---------------+-------+-----
Long Blades    | 3 |  3.5
Dodging        | 2 |  2.0
Fighting       | |  3.3
Armour         | |  1.9
Stealth        | |  0.1

Action                   || total
-------------------------++-------
Melee: Falchion          ||    59
Invok: Berserk           ||     1
  Use: Potion            ||     2
Armor: Animal skin       ||    15
Dodge: Dodged            ||    30
       Rpst.: Falchion   ||    13
